 Dungeon Crawl Stone Soup version 0.30-a0-996-ga6910c8ee8 (webtiles) character file.

Game seed: 17417846809528193266

6333 ytrimaz the Eclecticist (level 10, -2/50 HPs)
             Began as a Deep Elf Fire Elementalist on Apr 5, 2023.
             Was a Follower of Vehumet.
             Slain by a fire bat (4 damage)
             ... on level 2 of the Abyss.
             The game lasted 00:21:45 (12360 turns).

ytrimaz the Eclecticist (DEFE)                     Turns: 12360, Time: 00:21:46

Health: -2/50      AC:  6    Str:  5    XL:     10   Next: 64%
Magic:  10/31      EV: 11    Int: 25    God:    Vehumet [*.....]
Gold:   40         SH:  0    Dex: 15    Spells: 22/39 levels left

rFire   + . .      SeeInvis .    (no weapon)
rCold   + . .      Faith    .    (no shield)
rNeg    . . .      Spirit   .    y - +0 troll leather armour
rPois   +          Reflect  .    s - +0 helmet
rElec   +          Rampage  .    (no cloak)
rCorr   +                        (no gloves)
Will    +....                    t - +0 pair of boots
Stlth   ++                       m - amulet of the acrobat
HPRegen 1.08/turn                q - ring of poison resistance
MPRegen 0.22/turn                (no ring)

@: resistant, very slightly contaminated
A: no striking features
a: Renounce Religion


You were on level 2 of the Abyss.
You worshipped Vehumet.
Vehumet was aware of your devotion.
You visited 2 branches of the dungeon, and saw 10 of its levels.
You visited the Abyss 1 time.
You also visited: Ossuary.

You collected 541 gold pieces.
You spent 501 gold pieces at shops.


   Skills:
 - Level 2.4 Dodging
 - Level 2.4 Stealth
 - Level 15.1 Spellcasting
 + Level 7.1 Conjurations
 - Level 10.0 Fire Magic
 + Level 3.6 Earth Magic


You had 22 spell levels left.
You knew the following spells:

 Your Spells              Type           Power      Damage    Failure   Level
a - Foxfire               Conj/Fire      100%       2x1d9     1%          1
b - Flame Wave            Conj/Fire      58%        2d14      1%          4
c - Iron Shot             Conj/Erth      23%        9d5       63%         6
d - Inner Flame           Hex/Fire       43%        N/A       1%          3
f - Kindle Blastsparks    Fire/Tloc/Air  70%        2d15      3%          3

Your spell library contained the following spells:

 Spells                   Type           Power      Damage    Failure   Level
 Kiss of Death            Conj/Necr      100%       2d13      1%          1
 Shock                    Conj/Air       100%       1d9       1%          1
 Scorch                   Fire           100%       2d10      1%          2
 Necrotise                Necr           72%        1d7       4%          1
 Sublimation of Blood     Necr           18%        N/A       8%          2
 Vampiric Draining        Necr           18%        2d7       14%         3
 Vhi's Electric Charge    Tloc/Air       36%        N/A       14%         3
 Animate Armour           Summ/Erth      56%        N/A       22%         4
 Petrify                  Tmut/Erth      28%        N/A       22%         4
 Irradiate                Conj/Tmut      18%        3d17      30%         5
 Olgreb's Toxic Radiance  Pois           18%        N/A       43%         4
 Agony                    Necr           18%        N/A       80%         5
 Blade Hands              Tmut           9%         N/A       80%         5
 Silence                  Hex/Air        9%         N/A       80%         5
 Ignition                 Fire           31%        3d10      99%         8
 Ozocubu's Refrigeration  Ice            9%         4d9       100%        7

Inventory:

Missiles
 r - 3 throwing nets
Armour
 a - a +0 robe
 s - a +0 helmet (worn)
   (You found it on level 4 of the Dungeon)
 t - a +0 pair of boots (worn)
   (You found it on level 5 of the Dungeon)
 y - a +0 troll leather armour (worn)
   (You found it on level 6 of the Dungeon)
 E - the +0 robe "Lidait" {rPois rC+ Slay+2}
   (You bought it in a shop on level 8 of the Dungeon)

   Slay:      It affects your accuracy & damage with ranged weapons and melee
   (+2).
   rC:        It protects you from cold.
   rPois:     It protects you from poison.
 F - +0 steam dragon scales
   (You found it on level 9 of the Dungeon)
Jewellery
 m - an amulet of the acrobat (around neck)
   (You found it on level 2 of the Dungeon)
 q - a ring of poison resistance (left hand)
   (You took it off a kobold on level 4 of the Dungeon)
Wands
 b - a wand of flame (23)
   (You took it off Eustachio on level 5 of the Dungeon)
 x - a wand of polymorph (11)
   (You found it on level 6 of the Dungeon)
 A - a wand of iceblast (15) (quivered)
   (You found it on level 6 of the Dungeon)
 B - a wand of paralysis (4)
   (You found it on level 9 of the Dungeon)
Scrolls
 d - 2 scrolls of torment
 f - 2 scrolls of enchant weapon
 g - 9 scrolls of teleportation
 j - 2 scrolls of poison
 k - a scroll of magic mapping
 n - a scroll of amnesia
 u - 3 scrolls of enchant armour
 w - a scroll of brand weapon
 z - a scroll of silence
Potions
 c - 3 potions of haste
 e - a potion of attraction {unknown}
 h - a potion of ambrosia
 i - 2 potions of cancellation
 l - 3 potions of invisibility
 o - 4 potions of flight
 p - 4 potions of might
 v - 2 potions of mutation
 C - a potion of brilliance

Dungeon Overview and Level Annotations

Branches:
Dungeon (9/15) Zot: 26581  Temple (1/1) D:7 Zot: 5943 Ossuary (visited)
   Lair: D:8-11         Orc: D:9-12

Altars:
Ashenzari
Cheibriados
Dithmenos
Elyvilon
Fedhas
Gozag
Hepliaklqana
Kikubaaqudgha
Makhleb
Nemelex Xobeh
Ru
Sif Muna
Trog
Uskayaw
Vehumet
Wu Jian
Xom
Yredelemnul
Zin
The Shining One

Shops:
D:4 (   D:6 *:*?   D:8 *[(?

Portals:
Abyss: D:7
Bailey: D:9

Annotations:
D:2 Crazy Yiuf
D:7 2 transporters, Tollund's ghost, novice GrEE
D:9 Erolcha

. # #.. # ...
### ..# . ... #
#..#### ..## #
....#.
##.bb#....# #
.......##.#.@.#
'
...*#...##...#.
#.. ###.##.....
##.. ..#
#.....#.#.. # .
..
##..#.#..#.##.#
....
........#....#
. W #
#'.b~~....#.#
.. .
#...~._.... .#
.#.
....~∩∩.....# .


You could see 2 fire bats.


Message History

Casting: Foxfire (safe; 1% risk of failure)
Confirm with . or Enter, or press ? or * to list all spells.
You can't see any susceptible monsters within range! (Use Z to cast anyway.) Unknown command.
The fire bat completely misses you. The fire bat completely misses you.
Casting: Foxfire (safe; 1% risk of failure)
Confirm with . or Enter, or press ? or * to list all spells.
You can't see any susceptible monsters within range! (Use Z to cast anyway.) Unknown command.
Unknown command.
Casting: Foxfire (safe; 1% risk of failure)
Confirm with . or Enter, or press ? or * to list all spells.
Okay, then.
Unknown command.
Casting: Foxfire (safe; 1% risk of failure)
Confirm with . or Enter, or press ? or * to list all spells.
The spell is astonishingly dangerous to miscast (65% risk of failure)!
Continue anyway?
Aiming: Iron Shot (astonishingly dangerous; 65% risk of failure)
Press: ? - help, Shift-Dir - straight line, f - fire bat
Aim: a fire bat (52% to hit)
You miscast Iron Shot.
You are very lightly contaminated with residual magic.
Nothing appears to happen.
The fire bat bites you.
You are engulfed in flames! 😕 HP[-11] MP[-5]
You take 11 damage, and now have 39/50 hp.
MASSIVE DAMAGE!! (PAUSE)
You lost 5 mp, and now have 9/31 mp.
Okay, then.
Unknown command.
Unknown command.
Aiming: Iceblast
Press: ? - help, Q - select action, (/) - cycle Shift-Dir - straight line, f/p - fire bat
Aim: a fire bat That beam is likely to hit you.
Continue anyway?
Okay, then.
The fire bat attacks as you move away! The fire bat barely misses you.
The fire bat misses you. x2 😕 HP[+2]
You regained 2 hp, and now have 41/50 hp.
Aiming: Iceblast
Press: ? - help, Q - select action, (/) - cycle Shift-Dir - straight line, p - fire bat
Okay, then.
The fire bat closely misses you. 😕 HP[+1]
Aiming: Iceblast
Press: ? - help, Q - select action, (/) - cycle Shift-Dir - straight line, f/p - fire bat
Aim: a fire bat
Okay, then. 😕 HP[+1]
The fire bat closely misses you. The fire bat misses you. x2
The fire bat bites you.
You are engulfed in flames.
The fire bat bites you.
You are engulfed in flames. 😮 HP[-14] MP[+1]
You take 14 damage, and now have 29/50 hp.
MASSIVE DAMAGE!! (PAUSE)
Aiming: Iceblast
Press: ? - help, Q - select action, (/) - cycle Shift-Dir - straight line, f/p - fire bat
Aim: a fire bat That beam is likely to hit you.
Continue anyway?
Okay, then.
Aiming: Iceblast
Press: ? - help, Q - select action, (/) - cycle Shift-Dir - straight line, p - fire bat The mass of ice explodes!
The iceblast engulfs the fire bat!
The fire bat is frozen!
You hear a shout!
The fire bat closely misses you. The fire bat bites you.
You are engulfed in flames!
* * * LOW HITPOINT WARNING * * *
The fire bat bites you but does no damage. 😨 HP[-8]
You take 8 damage, and now have 21/50 hp.
Unknown command.
Aiming: Iceblast
Press: ? - help, Q - select action, (/) - cycle Shift-Dir - straight line, f - fire bat
Aim: a fire bat (severely wounded)
The mass of ice explodes!
The iceblast engulfs the fire bat!!
The fire bat is frozen!
You kill the fire bat!
Vehumet accepts your kill.
You hear a shout!
The fire bat bites you.
* * * LOW HITPOINT WARNING * * *
You are engulfed in flames!
* * * LOW HITPOINT WARNING * * *
The fire bat bites you.
* * * LOW HITPOINT WARNING * * *
You are engulfed in flames.
* * * LOW HITPOINT WARNING * * *
The fire bat bites you but does no damage.
Unknown command. 😱 HP[-15]
You take 15 damage, and now have 6/50 hp.
MASSIVE DAMAGE!! (PAUSE)
You feel protected.
The fire bat bites you but does no damage.
The fire bat bites you.
* * * LOW HITPOINT WARNING * * *
You are engulfed in flames.
You resist.
You die...

Skill      XL: |  1  2  3  4  5  6  7  8  9 10 |
---------------+-------------------------------+-----
Conjurations   | 2 3 4 7 |  7.1
Spellcasting   | 4 5 7 8 11 14 15 | 15.1
Fire Magic     | 4 5 6 7 9 10 | 10.0
Earth Magic    | 3 |  3.6
Dodging        | |  2.4
Stealth        | |  2.4

Action                     |  1- 3 |  4- 6 |  7- 9 | 10-12 || total
---------------------------+-------+-------+-------+-------++-------
  Melee: Unarmed           |     2 |     5 |    15 |     5 ||    27
   Cast: Foxfire           |   100 |   104 |   263 |    17 ||   484
         Scorch            |     2 |       |       |       ||     2
         Inner Flame       |     1 |     5 |     3 |     3 ||    12
         Flame Wave        |       |     7 |    34 |    23 ||    64
         Kindle Blastspark |       |     2 |     7 |     3 ||    12
  Evoke: Wand              |       |       |       |     2 ||     2
    Use: Scroll            |     9 |     7 |     4 |     4 ||    24
         Potion            |       |     1 |     2 |     3 ||     6
 Armour: Robe              |     4 |     4 |     8 |     2 ||    18
         Skin              |       |       |     3 |       ||     3
         Troll leather arm |       |       |    15 |     5 ||    20
  Dodge: Dodged            |    24 |    21 |   104 |    54 ||   203

Levels and vault maps discovered:
D:1:      tarquinn_simple_flora_water_e, layout_loops_ring
D:2:      layout_loops_corners, grunt_ministairs_15, patterned_corridor,
          uniq_crazy_yiuf_cottage
D:3:      layout_basic
D:4:      layout_loops_cross, serial_shops, kennysheep_mini
D:5:      layout_loops_corners, nicolae_ossuary_entry_false_entrances,
          uniq_grinder, uniq_eustachio
D:6:      layout_rooms, serial_shops, nicolae_shop_behind_doors, shop, shop,
          nicolae_stop_n_shop_2
D:7:      layout_loops_ring, minmay_temple_entry_fiery,
          gammafunk_ghost_abyssal_escape, uniq_duvessa, uniq_menkaure,
          uniq_pikel
D:8:      layout_loops_ring, kennysheep_crisscross, minmay_shop_grid_forest,
          roderic_lattice_a, dreamdust_princess_corridor
D:9:      layout_roguey [special_room_orc], chei_slow_surprise,
          gammafunk_temple_overflow_statue, enter_bailey_5, nzn_life_drinkers,
          uniq_erolcha
Temple:   hellmonk_temple_divided_pantheon
Abyss:2:  base: D:6, evilmike_abyss_exit_10, guppyfry_abyss_exit_glass_guarded

Notes
Turn   | Place    | Note
-------+----------+-------------------------------------------
     0 | D:1      | ytrimaz the Deep Elf Fire Elementalist began the quest for
                  | the Orb.
     0 | D:1      | Reached XP level 1. HP: 10/10 MP: 6/6
     0 | D:1      | magus.rc [v1.9.6]
    16 | D:1      | You pick up a book of Necromancy and begin reading...
    16 | D:1      | You add the spells Necrotise, Vampiric Draining and Agony
                  | to your library.
   381 | D:1      | Reached XP level 2. HP: 15/15 MP: 1/8
   512 | D:1      | HP: 3/15 [quokka (4)]
   584 | D:1      | Learned a level 2 spell: Scorch
   770 | D:1      | Reached skill level 2 in Conjurations
  1059 | D:1      | Reached XP level 3. HP: 19/19 MP: 7/10
  1314 | D:2      | Reached skill level 4 in Spellcasting
  1314 | D:2      | Reached skill level 4 in Fire Magic
  1738 | D:2      | Learned a level 3 spell: Inner Flame
  1742 | D:2      | Learned a level 3 spell: Kindle Blastsparks
  2084 | D:2      | Found a runed translucent door.
  2085 | D:2      | Noticed Crazy Yiuf
  2295 | D:2      | Reached XP level 4. HP: 24/24 MP: 8/12
  2383 | D:2      | Learned a level 4 spell: Flame Wave
  3210 | D:3      | Reached skill level 3 in Conjurations
  3267 | D:3      | Reached skill level 5 in Spellcasting
  3267 | D:3      | Reached XP level 5. HP: 28/28 MP: 3/14
  3400 | D:3      | You pick up a book of Iron and begin reading...
  3400 | D:3      | You add the spells Animate Armour, Blade Hands and Iron
                  | Shot to your library.
  4419 | D:4      | Noticed an ogre
  4456 | D:3      | Killed an ogre
  4457 | D:3      | Reached skill level 5 in Fire Magic
  4457 | D:3      | Reached XP level 6. HP: 16/32 MP: 9/16
  4568 | D:4      | Reached skill level 6 in Spellcasting
  4999 | D:4      | Found Eryer's Weapon Emporium.
  5405 | D:5      | Entered Level 5 of the Dungeon
  5409 | D:5      | Reached skill level 6 in Fire Magic
  5464 | D:5      | Noticed Eustachio
  5475 | D:5      | Killed Eustachio
  5476 | D:5      | Reached skill level 7 in Spellcasting
  5476 | D:5      | Reached XP level 7. HP: 20/36 MP: 4/19
  5508 | D:5      | HP: 7/36 [acid (9)]
  5648 | D:5      | Found a sand-covered staircase.
  5665 | Ossuary  | Entered an ossuary
  6147 | Ossuary  | HP: 4/36 [spore (32)]
  6148 | Ossuary  | Reached skill level 8 in Spellcasting
  6148 | Ossuary  | Reached skill level 7 in Fire Magic
  7019 | D:5      | Reached XP level 8. HP: 38/41 MP: 16/22
  7088 | D:5      | Reached skill level 9 in Spellcasting
  7140 | D:5      | Noticed Grinder
  7148 | D:5      | Killed Grinder
  7149 | D:5      | Reached skill level 8 in Fire Magic
  7955 | D:6      | Found Puulury's General Store.
  7961 | D:6      | Found Zoevemiq's Book Boutique.
  7962 | D:6      | Bought a potion of mutation for 104 gold pieces
  7962 | D:6      | Bought a scroll of brand weapon for 123 gold pieces
  7962 | D:6      | Bought a scroll of identify for 26 gold pieces
  7963 | D:6      | Noticed a troll
  7968 | D:6      | Killed a troll
  7969 | D:6      | Reached skill level 10 in Spellcasting
  8052 | D:6      | Reached skill level 9 in Fire Magic
  8168 | D:6      | Found Xempop's Magic Scroll Emporium.
  8171 | D:6      | Bought a scroll of identify for 22 gold pieces
  8171 | D:6      | Bought a scroll of identify for 22 gold pieces
  8171 | D:6      | Bought a scroll of identify for 22 gold pieces
  8264 | D:6      | Found Ejopuch's General Store.
  8446 | D:6      | Reached skill level 11 in Spellcasting
  8446 | D:6      | Reached XP level 9. HP: 45/45 MP: 15/26
  8585 | D:6      | Learned a level 6 spell: Iron Shot
  8793 | D:7      | Noticed Pikel
  8855 | D:7      | Killed Pikel
  8856 | D:7      | Reached skill level 12 in Spellcasting
  8856 | D:7      | Reached skill level 10 in Fire Magic
  9051 | D:7      | Noticed Menkaure
  9056 | D:7      | Killed Menkaure
  9057 | D:7      | Reached skill level 13 in Spellcasting
  9275 | D:7      | Noticed Duvessa
  9281 | D:7      | Noticed Dowan
  9285 | D:7      | Killed Duvessa
  9285 | D:7      | Killed Dowan
  9419 | D:7      | Found a transporter.
  9819 | D:7      | Found a transporter.
  9831 | D:7      | Found a one-way gate to the infinite horrors of the Abyss.
  9831 | D:7      | Noticed Tollund's ghost (novice GrEE)
  9855 | D:7      | Reached skill level 14 in Spellcasting
  9900 | D:7      | Noticed a toenail golem
 10036 | D:7      | Found a staircase to the Ecumenical Temple.
 10048 | Temple   | Entered the Ecumenical Temple
 10048 | Temple   | Found a transporter.
 10048 | Temple   | Found a transporter.
 10050 | Temple   | Found a transporter.
 10050 | Temple   | Found a transporter.
 10085 | Temple   | Became a worshipper of Vehumet
 10185 | D:8      | Noticed a troll
 10192 | D:8      | Killed a troll
 10591 | D:8      | You pick up a book of Alchemy and begin reading...
 10591 | D:8      | You add the spells Sublimation of Blood, Petrify and
                  | Irradiate to your library.
 10628 | D:8      | Reached skill level 4 in Conjurations
 10641 | D:8      | Reached XP level 10. HP: 50/50 MP: 3/30
 10809 | D:8      | Noticed a two-headed ogre
 10868 | D:8      | Killed a two-headed ogre
 11058 | D:8      | Reached skill level 5 in Conjurations
 11186 | D:8      | You add the spells Shock, Vhi's Electric Charge and Silence
                  | to your library.
 11186 | D:8      | Got the Excursus on the Cumulonimbus
 11359 | D:8      | Found Xeomexes's Magic Scroll Boutique.
 11361 | D:8      | Found Ricvuip's Antique Armour Boutique.
 11362 | D:8      | Found Porasib's Antique Weapon Boutique.
 11363 | D:8      | Found Xiove's General Store.
 11377 | D:8      | Reached * piety under Vehumet
 11377 | D:8      | Offered knowledge of Kiss of Death by Vehumet.
 11378 | D:8      | Reached skill level 15 in Spellcasting
 11381 | D:8      | Reached skill level 6 in Conjurations
 11461 | D:8      | Bought a fine robe for 182 gold pieces
 11461 | D:8      | Identified the +0 robe "Lidait" {rPois rC+ Slay+2} (You
                  | bought it in a shop on level 8 of the Dungeon)
 11699 | D:8      | Reached skill level 1 in Earth Magic
 12092 | D:9      | Found a snail-covered altar of Cheibriados.
 12167 | D:9      | Reached skill level 2 in Earth Magic
 12268 | D:9      | Found a flagged portal.
 12269 | D:9      | You add the spells Olgreb's Toxic Radiance, Ozocubu's
                  | Refrigeration and Ignition to your library.
 12275 | D:9      | Reached skill level 3 in Earth Magic
 12278 | D:9      | Noticed Erolcha
 12283 | D:9      | You are cast into the Abyss!
 12283 | Abyss:2  | Found a corrupted altar of Lugonu.
 12283 | Abyss:2  | Cast into level 2 of the Abyss (Erolcha)
 12312 | Abyss:2  | Reached skill level 7 in Conjurations
 12359 | Abyss:2  | HP: 11/50 [fire bat (2)]
 12360 | Abyss:2  | HP: 2/50 [fire bat (5)]
 12360 | Abyss:2  | Slain by a fire bat

Vanquished Creatures
  A two-headed ogre (D:8)
  Pikel (D:7)
  2 trolls
  Grinder (D:5)
  A hornet (D:9)
  A vampire (D:9)
  A fire bat (Abyss:2)
  A wraith (Abyss:2)
  Eustachio (D:5)
  A steam dragon (D:9)
  Menkaure (D:7)
  An acid dragon (D:9)
  2 water moccasins
  Duvessa (D:7)
  2 orc warriors
  2 ogres
  3 phantoms
  4 centaurs
  A kobold brigand (D:8)
  4 lemures
  3 bullfrogs
  An elf zombie (Ossuary)
  A gnoll sergeant (D:8)
  3 scorpions
  9 wights (D:8)
  Dowan (D:7)
  6 killer bees (D:8)
  2 jellies (D:5)
  A centaur zombie (Ossuary)
  4 human zombies (Ossuary)
  2 gnoll boudas
  2 hounds (D:5)
  2 orc priests (D:7)
  A sleepcap (D:7)
  3 orc wizards
  2 mummies (Ossuary)
  21 gnolls
  8 adders
  2 shadow imps
  A white imp (D:7)
  2 ufetubi
  An adder zombie (Ossuary)
  2 worms
  A dart slug (D:5)
  24 orcs
  7 endoplasms
  6 giant cockroaches
  12 goblins
  7 hobgoblins
  13 jackals
  4 quokkas
  7 ball pythons
  8 bats
  3 frilled lizards
  11 hobgoblin zombies (Ossuary)
  2 jackal zombies (Ossuary)
  10 kobolds
  12 kobold zombies (Ossuary)
  5 orc zombies (Ossuary)
  6 rats
  A bush (D:8)
  A lurking horror (Abyss:2)
252 creatures vanquished.

Vanquished Creatures (others)
  A centaur (D:7)
  723 foxfires
724 creatures vanquished.

Grand Total: 976 creatures vanquished

Table legend:
 A = Non-vault XP
 B = Vault XP
 C = Vault XP percentage of total XP
 D = Non-vault monster count
 E = Vault monster count
 F = Vault count percentage of total count
                 A         B        C        D         E       F
            +---------+---------+-------+---------+---------+-------
      Total |    6925 |    2123 |  23.5 |     186 |      60 |  24.4
            +---------+---------+-------+---------+---------+-------
        D:1 |      45 |       0 |   0.0 |      26 |       0 |   0.0
        D:2 |      47 |      16 |  25.4 |      20 |       2 |   9.1
        D:3 |     292 |       0 |   0.0 |      25 |       0 |   0.0
        D:4 |     212 |       0 |   0.0 |      13 |       0 |   0.0
        D:5 |     381 |     491 |  56.3 |      23 |       2 |   8.0
        D:6 |    1011 |       0 |   0.0 |      11 |       0 |   0.0
        D:7 |     980 |    1001 |  50.5 |      29 |       4 |  12.1
        D:8 |    2840 |       0 |   0.0 |      33 |       0 |   0.0
        D:9 |     710 |     239 |  25.2 |       4 |      13 |  76.5
    Abyss:2 |     407 |       0 |   0.0 |       2 |       0 |   0.0
    Ossuary |       0 |     376 | 100.0 |       0 |      39 | 100.0
            +---------+---------+-------+---------+---------+-------

Illustrated notes

Table legend:
 A = Kills in this place as a percentage of kills in the entire game.
 B = Kills by you in this place as a percentage of kills by you in the entire game.
 C = Kills by friends in this place as a percentage of kills by friends in the entire game.
 D = Other kills in this place as a percentage of other kills in the entire game.
 E = Experience gained in this place as a percentage of experience gained in the entire game.
 F = Experience gained in this place divided by the number of levels of this place that you have seen.
                   A       B       C       D       E      F
               +-------+-------+-------+-------+-------+----------------------
         Total | 100.0 | 100.0 |   N/A | 100.0 | 100.0 | 754.0
       Dungeon |  83.3 |  83.3 |   N/A | 100.0 |  91.3 | 918.3
         Abyss |   0.8 |   0.8 |   N/A |   0.0 |   4.5 | 407.0
       Ossuary |  15.9 |  15.9 |   N/A |   0.0 |   4.2 | 376.0
               +-------+-------+-------+-------+-------+----------------------

Table legend: (Time is in decaauts)
 A = Elapsed time spent in this place.
 B = Non-inter-level travel time spent in this place.
 C = Inter-level travel time spent in this place.
 D = Time resting spent in this place.
 E = Time spent auto-exploring this place.
 F = Levels seen in this place.
 G = Mean time per level.
                   A        B        C        D        E       F      G
               +--------+--------+--------+--------+--------+-----+--------+
         Total |  12343 |  12007 |    336 |    558 |   9584 |  12 | 1028.6 |
       Dungeon |  11336 |  11017 |    319 |    412 |   9016 |   9 | 1259.6 |
        Temple |     56 |     39 |     17 |      0 |      6 |   1 |   56.0 |
         Abyss |     76 |     76 |      0 |     38 |      0 |   1 |   76.0 |
       Ossuary |    873 |    873 |      0 |    108 |    562 |   1 |  873.0 |
               +--------+--------+--------+--------+--------+-----+--------+

Top non-repeatable levels by time:
     D:8: 1716 daAuts
     D:2: 1646 daAuts
     D:3: 1640 daAuts
     D:5: 1581 daAuts
     D:7: 1275 daAuts
     D:1: 1242 daAuts
     D:6: 956 daAuts
 Ossuary: 873 daAuts
     D:4: 860 daAuts
     D:9: 417 daAuts
 Abyss:2: 76 daAuts
  Temple: 56 daAuts
